 Dungeon Crawl Stone Soup version 0.18.1-6-gd335043 (webtiles) character file.

196 M4edhros the Chopper (level 5, -1/45 HPs)
             Began as a Minotaur Berserker on May 20, 2016.
             Was a Follower of Trog.
             Slain by an orc
             ... wielding a +0 dagger
              (3 damage)
             ... on level 5 of the Dungeon.
             The game lasted 00:02:38 (468 turns).

M4edhros the Chopper (Minotaur Berserker)            Turns: 468, Time: 00:02:38

Health: -1/45      AC:  5    Str: 22    XL:     5   Next: 46%
Magic:  4/4        EV: 11    Int:  4    God:    Trog [*.....]
Gold:   142        SH:  0    Dex: 10    Spells: 0 memorised, 4 levels left

rFire  . . .     SeeInvis .     a - +0 hand axe
rCold  . . .     Gourm    .     h - +0 ring mail
rNeg   . . .     Faith    .     (no shield)
rPois  .         Spirit   .     (helmet restricted)
rElec  .         Dismiss  .     (no cloak)
rCorr  .         Reflect  .     (no gloves)
SustAt .         Harm     .     (no boots)
MR     .....                    (no amulet)
Stlth  ..........               (no ring)
                                (no ring)

@: exhausted, slowed, very slow, not resistant to hostile enchantments,
extremely unstealthy
A: retaliatory headbutt, horns 2
a: Berserk, Burn Spellbooks, Renounce Religion


You were on level 5 of the Dungeon.
You worshipped Trog.
Trog was aware of your devotion.
You were hungry.

You visited 1 branch of the dungeon, and saw 5 of its levels.

You collected 142 gold pieces.

Inventory:

Hand Weapons
 a - a +0 hand axe (weapon)
Armour
 b - a +0 animal skin
 h - a +0 ring mail (worn)
Scrolls
 d - a scroll of fog
 e - a scroll of magic mapping {unknown}
 i - a scroll of identify {unknown}
 m - a scroll of blinking {unknown}
Comestibles
 c - 3 bread rations
 f - a meat ration
 g - 2 beef jerkies
 j - 2 chunks of flesh
 l - a royal jelly


   Skills:
 - Level 3.6 Fighting
 + Level 7.5 Axes
 - Level 2.4 Armour
 - Level 2.1 Dodging


You had 4 spell levels left.
You didn't know any spells.

Dungeon Overview and Level Annotations

Branches:
Dungeon (5/15)
 Temple: D:4-7

Altars:
Ashenzari
Okawaru
Qazlal
Trog
Vehumet
Xom
Zin


Innate Abilities, Weirdness & Mutations

You reflexively headbutt those who attack you in melee.
You have a pair of horns on your head.


Message History

You see here an arrow.
The giant newt misses you.
There is a stone staircase leading up here.
Drink which item? (? for menu, Esc to quit)
Okay, then.
Drink which item? (? for menu, Esc to quit)
It was a potion of berserk rage.
You're too exhausted to go berserk.
The orc hits you with a dagger.
* * * LOW HITPOINT WARNING * * *
The giant newt barely misses you. The orc hits you with a dagger.
* * * LOW HITPOINT WARNING * * *
Read which item? (? for menu, Esc to quit)
Okay, then.
Read which item? (? for menu, Esc to quit)
As you read the scroll labeled JUOCWI OWKYRIA, it crumbles to dust.
The scroll dissolves into smoke.
It was a scroll of fog.
The giant newt misses you. You furiously retaliate!
You headbutt the giant newt, but do no damage.
The orc hits you with a dagger.
You die...

..... ..... #### ....
.... #... ##..#
##.... #.§§ #..#
#..... #..§######.#
#..... #.§§@o##...##
#.....
#####lao((..####.>...
##sc......##.....
#.....##).......
#.....#.........
#...#....###.###.
#.####...#.....# #.
#...#.....# ..
#.#...>..o..


You could see a scorpion, a worker ant, an orc and a giant newt.

Vanquished Creatures
  An ogre (D:5)
  Natasha (D:4)
  2 worker ants
  2 adders (D:4)
  An adder skeleton (D:4)
  A giant gecko (D:3)
  A goblin (D:1)
  A hobgoblin (D:2)
  A quokka (D:2)
  7 bats
  2 giant newts (D:1)
  6 kobolds
  3 rats
29 creatures vanquished.

Notes
Turn   | Place    | Note
--------------------------------------------------------------
     0 | D:1      | M4edhros the Minotaur Berserker began the quest for the Orb.
     0 | D:1      | Reached XP level 1. HP: 19/19 MP: 0/0
   104 | D:1      | Reached skill level 4 in Axes
   117 | D:1      | Reached XP level 2. HP: 23/26 MP: 1/1
   188 | D:2      | Found a bloodstained altar of Trog.
   188 | D:2      | Found an iron altar of Okawaru.
   190 | D:2      | Found a stormy altar of Qazlal.
   190 | D:2      | Found a radiant altar of Vehumet.
   191 | D:2      | Found a shimmering altar of Xom.
   191 | D:2      | Found a shattered altar of Ashenzari.
   191 | D:2      | Found a glowing silver altar of Zin.
   301 | D:4      | Reached skill level 5 in Axes
   348 | D:4      | Reached ** piety under Trog
   348 | D:4      | Reached XP level 3. HP: 16/31 MP: 2/2
   387 | D:4      | Noticed Natasha
   399 | D:4      | Killed Natasha
   399 | D:4      | Reached XP level 4. HP: 17/39 MP: 3/3
   422 | D:4      | Reached skill level 6 in Axes
   433 | D:5      | Entered Level 5 of the Dungeon
   437 | D:5      | Noticed an ogre
   449 | D:5      | Killed an ogre
   449 | D:5      | Reached skill level 7 in Axes
   449 | D:5      | Reached XP level 5. HP: 37/45 MP: 4/4
   461 | D:5      | Noticed a centaur
   467 | D:5      | HP: 2/45 [orc/dagger (2)]
   468 | D:5      | Slain by an orc

Skill      XL: |  1  2  3  4 |
---------------+-------------+-----
Axes           | 4 5 7 |  7.5
Fighting       | |  3.6
Armour         | |  2.4
Dodging        | |  2.1

Action                   |  1- 3 |  4- 6 || total
-------------------------+-------+-------++-------
Melee: Hand axe          |    48 |     6 ||    54
       Headbutt          |     3 |     3 ||     6
Invok: Berserk           |     1 |     1 ||     2
       Trog's Hand       |     1 |       ||     1
  Use: Scroll            |       |     1 ||     1
       Potion            |       |     1 ||     1
Armor: Animal skin       |    10 |       ||    10
       Ring mail         |    11 |     2 ||    13
Dodge: Dodged            |    48 |    12 ||    60
